 Dungeon Crawl Stone Soup version 0.29.1-12-g30fa7ad0bf (webtiles) character file.

Game seed: 14098486373394905351

106 112233 the Digger (level 4, -4/18 HPs)
             Began as a Felid Earth Elementalist on Dec 18, 2022.
             Killed by divine providence
             ... invoked by an orc priest
              (8 damage)
             ... on level 4 of the Dungeon.
             The game lasted 00:01:58 (2724 turns).

112233 the Digger (Felid Earth Elementalist)        Turns: 2724, Time: 00:01:59

Health: -4/18      AC:  1    Str:  4    XL:     4   Next: 55%
Magic:  2/8        EV: 17    Int: 18    God:
Gold:   113        SH:  0    Dex: 16    Spells: 1/7 levels left
                                        Lives:  0   Deaths: 1

rFire   . . .      SeeInvis +   (weapon unavailable)
rCold   . . .      Faith    .   (shield unavailable)
rNeg    . . .      Spirit   .   (body armour unavailable)
rPois   .          Reflect  .   (helmet unavailable)
rElec   .          Harm     .   (cloak unavailable)
rCorr   .          Rampage  .   (gloves unavailable)
Will    .....                   (boots unavailable)
Stlth   ++........              (no amulet)
HPRegen 0.06/turn               (no ring)
MPRegen 0.11/turn               (no ring)

@: quick
A: very small, claws 1, fangs 3, see invisible, speed 1, shaggy fur 1, stealthy
paws, no weapons or thrown items, no armour, multi-lived
a: no special abilities


You were on level 4 of the Dungeon.
You visited 1 branch of the dungeon, and saw 4 of its levels.

You collected 113 gold pieces.

Inventory:

Jewellery
 g - a +6 ring of strength
 n - a +4 ring of evasion
Scrolls
 b - 2 scrolls of teleportation {unknown}
 d - 5 scrolls of identify {unknown}
 f - a scroll of magic mapping {unknown}
 h - a scroll of amnesia {unknown}
 k - a scroll of fog {unknown}
 l - a scroll of blinking {unknown}
 m - a scroll of acquirement {unknown}
 p - a scroll of enchant armour {unknown}
Potions
 a - a potion of magic
 c - 2 potions of mutation {unknown}
 e - a potion of curing {unknown}
 i - 2 potions of brilliance {unknown}
 j - 2 potions of lignification {unknown}
 o - a potion of heal wounds {unknown}
 q - a potion of degeneration {unknown}


   Skills:
 - Level 2.7 Dodging
 - Level 2.7 Stealth
 - Level 2.0 Spellcasting
 - Level 1.1 Transmutations
 + Level 5.4 Earth Magic


You had one spell level left.
You knew the following spells:

 Your Spells              Type           Power      Damage    Failure   Level
a - Sandblast             Erth           42%        2d11      1%          1
b - Stone Arrow           Conj/Erth      22%        3d8       19%         3
c - Passwall              Tmut/Erth      10%        N/A       7%          2

Your spell library contained the following spells:

 Spells                   Type           Power      Damage    Failure   Level
 Magic Dart               Conj           4%         1d3       19%         1
 Searing Ray              Conj           2%         2d4       26%         2
 Petrify                  Tmut/Erth      13%        N/A       43%         4
 Fulminant Prism          Conj/Hex       0%         3d6       87%         4
 Summon Forest            Summ/Tloc      0%         N/A       99%         5
 Eringya's Noxious Bog    Tmut/Pois      1%         N/A       100%        6
 Summon Hydra             Summ           0%         N/A       100%        7


Dungeon Overview and Level Annotations

Branches:
Dungeon (4/15)
 Temple: D:4-7

Altars:


Innate Abilities, Weirdness & Mutations

You have sharp claws.
You have razor-sharp teeth.
You have supernaturally acute eyesight. (SInv)
You cover ground quickly. (Speed+)
You are covered in fur. (AC +1)
Your paws help you pounce on unaware monsters.
You are incapable of wielding weapons or throwing items.
You cannot wear armour.
You gain extra lives every three experience levels.


Message History

Casting: Sandblast (safe; 1% risk of failure)
Confirm with . or Enter, or press ? or * to list all spells.
Aiming: Sandblast (safe; 1% risk of failure)
Press: ? - help, Shift-Dir - straight line, f - orc
Aim: an orc, wielding a +0 whip and wearing a +0 chain mail (87% to hit)
The blast of sand hits the orc.
The orc is heavily wounded.
The orc completely misses you. The orc priest closely misses you.
The orc barely misses you. The orc priest barely misses you.
Casting: Sandblast (safe; 1% risk of failure)
Confirm with . or Enter, or press ? or * to list all spells.
Aiming: Sandblast (safe; 1% risk of failure)
Press: ? - help, Shift-Dir - straight line, f/p - orc
Aim: an orc, wielding a +0 whip and wearing a +0 chain mail (heavily wounded, 87% to hit)
The blast of sand hits the orc but does no damage.
The orc is heavily wounded.
The orc priest closely misses you.
Casting: Sandblast (safe; 1% risk of failure)
Confirm with . or Enter, or press ? or * to list all spells.
Aiming: Sandblast (safe; 1% risk of failure)
Press: ? - help, Shift-Dir - straight line, f/p - orc
Aim: an orc, wielding a +0 whip and wearing a +0 chain mail (heavily wounded, 87% to hit)
The blast of sand hits the orc but does no damage.
The orc is heavily wounded.
The orc barely misses you.
The orc priest mumbles some strange prayers to Beogh against you.
You struggle to resist.
The orc barely misses you.
The orc priest hits you from afar with a +0 trident.
* * * LOW HITPOINT WARNING * * *
Unknown command.
Casting: Sandblast (safe; 1% risk of failure)
Confirm with . or Enter, or press ? or * to list all spells.
Aiming: Sandblast (safe; 1% risk of failure)
Press: ? - help, Shift-Dir - straight line, f/p - orc
Aim: an orc, wielding a +0 whip and wearing a +0 chain mail (heavily wounded, 87% to hit)
The blast of sand hits the orc!
You kill the orc!
The orc priest invokes the aid of Beogh against you.
Beogh smites you!
You die...

#. #. ##.#### ###
#.....# #..
###.....# #..
#.....o.# #..
#.....).# #..
#....)@.# #..
#.......# ###'
#.......# ##)..
######)### #..##
#...# #.##
######.##########.#
.................#.#
#########...####.#.#
###...##...###


You could see an orc priest.

Vanquished Creatures
  2 jellies
  4 adders
  A worm (D:2)
  A dart slug (D:1)
  4 orcs (D:4)
  6 endoplasms
  2 giant cockroaches
  A goblin (D:4)
  5 hobgoblins
  6 jackals (D:1)
  A quokka (D:4)
  4 ball pythons
  6 bats
  2 frilled lizards
  13 kobolds
  6 rats
64 creatures vanquished.

Vanquished Creatures (others)
  A fungus (D:2)
  5 plants (D:1)
  9 toadstools (D:2)
15 creatures vanquished.

Grand Total: 79 creatures vanquished

Notes
Turn   | Place    | Note
-------+----------+-------------------------------------------
     0 | D:1      | 112233 the Felid Earth Elementalist began the quest for the
                  | Orb.
     0 | D:1      | Reached XP level 1. HP: 7/7 MP: 4/4
   303 | D:1      | Reached skill level 3 in Earth Magic
   367 | D:1      | Reached XP level 2. HP: 11/11 MP: 4/6
  1019 | D:1      | Reached XP level 3. HP: 13/14 MP: 1/7
  1397 | D:2      | Reached skill level 4 in Earth Magic
  1652 | D:2      | Reached XP level 4. HP: 18/18 MP: 5/8
  1681 | D:2      | Found a faded altar of an unknown god.
  1925 | D:2      | Learned a level 3 spell: Stone Arrow
  1928 | D:2      | Learned a level 2 spell: Passwall
  2039 | D:2      | Identified the +8 hand axe "Newtslayer" {vorpal, Dex+7}
  2206 | D:2      | Frozen to death by an endoplasm
  2207 | D:2      | Reached XP level 3. HP: 0/14 MP: 4/7
  2349 | D:4      | Reached skill level 5 in Earth Magic
  2669 | D:4      | Reached XP level 4. HP: 18/18 MP: 5/8
  2724 | D:4      | Killed from afar by an orc priest

Illustrated notes

Levels and vault maps discovered:
D:1:      lordsloth_arrival_two_stooges, layout_basic, chequers_big_river
D:2:      cheibrodos_fertilizer, layout_basic, basic_ecumenical_altar,
          minmay_randomly_rotated_circles
D:3:      minmay_goblin_kobold_castle, layout_basic
D:4:      layout_basic, nzn_wu_jian_contemplation, nicolae_ossuary_entry_ruins,
          uniq_ijyb, uniq_crazy_yiuf_cottage

Skill      XL: |  1  2  3 |
---------------+----------+-----
Earth Magic    | 3 5 |  5.4
Dodging        | |  2.7
Stealth        | |  2.7
Spellcasting   | |  2.0
Transmutations | |  1.1

Action                   |  1- 3 |  4- 6 || total
-------------------------+-------+-------++-------
Melee: Unarmed           |     4 |     3 ||     7
 Cast: Sandblast         |    63 |    31 ||    94
 Stab: Sleeping          |     1 |       ||     1
       Distracted        |       |     1 ||     1
Armor: Skin              |       |     2 ||     2
Dodge: Dodged            |    29 |    16 ||    45
